 Dungeon Sprint DCSS version 0.21-a0-278-ga722497 (webtiles) character file.

5819 potatolord6000 the Cleaver (level 10, -8/102 HPs)
             Began as a Hill Orc Fighter on Sept 22, 2017.
             Was the Champion of Beogh.
             Mangled by an orc knight
             ... wielding a +0 war axe
              (29 damage)
             ... in the Dungeon (Sprint IX: "|||||||||||||||||||||||||||||").
             The game lasted 00:05:40 (1847 turns).

potatolord6000 the Cleaver (Hill Orc Fighter)       Turns: 1847, Time: 00:05:41

Health: -8/102     AC: 18    Str: 23    XL:     10   Next: 80%
Magic:  19/19      EV: 10    Int:  8    God:    Beogh [******]
Gold:   514        SH: 17    Dex: 10    Spells: 9/9 levels left

rFire    . . .     SeeInvis .   m - +7 war axe (chop)
rCold    . . .     Gourm    .   c - +4 shield
rNeg     . . .     Faith    .   o - +1 chain mail
rPois    .         Spirit   .   a - +0 helmet
rElec    .         Reflect  .   (no cloak)
rCorr    .         Harm     .   (no gloves)
MR       .....     NoTele   +   n - +0 pair of boots
Stlth    ..........             (no amulet)
HPRegen  0.27/turn              b - +2 ring of protection
MPRegen  0.16/turn              p - +2 ring of evasion

@: no status effects
A: walk on water
a: Smiting, Recall Orcish Followers, Give Item to Named Follower, Resurrection,
Renounce Religion


You were in the Dungeon.
You worshipped Beogh.
Beogh was exalted by your worship.
You were very full.

You visited 1 branch You collected 514 gold pieces.

Inventory:

Hand Weapons
 m - a +7 war axe of chopping (weapon)
Armour
 a - a +0 helmet (worn)
 c - a +4 shield (worn)
 n - a +0 pair of boots (worn)
 o - a +1 chain mail (worn)
Jewellery
 b - a +2 ring of protection (left hand)
 p - a +2 ring of evasion (right hand)
Scrolls
 e - a scroll of recharging
 h - 3 scrolls of remove curse
 k - 2 scrolls of blinking
 l - 2 scrolls of amnesia
 q - a scroll of identify
Potions
 d - a potion of brilliance
 f - a potion of agility
 g - 4 potions of curing
 i - 4 potions of magic
Comestibles
 j - 40 fruits
 r - 12 bread rations
 s - 11 meat rations


   Skills:
 + Level 13.9 Fighting
 + Level 14.8 Axes
 + Level 12.9 Armour
 + Level 12.9 Shields
 + Level 12.6 Invocations


You had 9 spell levels left.
You didn't know any spells.

Dungeon Overview and Level Annotations

Branches:
Dungeon (1/1)

Altars:
Cheibriados
Dithmenos
Elyvilon
Fedhas
Gozag
Hepliaklqana
Kikubaaqudgha
Makhleb
Nemelex Xobeh
Okawaru
Qazlal
Ru
Sif Muna
Trog
Uskayaw
Vehumet
Wu Jian
Xom
Yredelemnul
Zin
The Shining One
Beogh
Jiyva
Lugonu


Message History

You closely miss the orc knight.
The orc knight is moderately wounded.
Your orc warrior no longer looks unusually strong.
The orc knight hits you with a war axe!!
The orc warrior hits you but does no damage.
You hit the orc knight.
The orc knight is heavily wounded.
Unknown command.
Unknown command.
You hit the orc knight but do no damage.
The orc knight is heavily wounded.
The orc knight hits you with a war axe!
The orc warrior hits you from afar with a trident!!
* * * LOW HITPOINT WARNING * * *
You hit the orc knight.
The orc knight is heavily wounded.
You block the orc warrior's attack.
The orc knight hits you with a war axe!!
You die...
Beogh appreciates the orc knight's killing of a heretic priest.

▓.▓.▓.▓_▓
▓$▓.▓.▓.▓_▓
▓.▓.▓.▓.▓_▓
▓.▓.▓.▓.▓_▓
▓.▓.▓.▓.▓_▓
▓o▓.▓.▓.▓_▓
▓o▓.▓.▓.▓_▓
▓o▓.▓.▓.▓_▓
▓@▓.▓.▓.▓_▓
▓o▓.▓†▓.▓_▓
▓o▓.▓.▓.▓_▓
▓o▓.▓.▓.▓_▓
▓o▓.▓.▓.▓_▓
▓o▓.▓.▓.▓_▓
▓o▓.▓.▓.▓_▓
▓o▓.▓.▓.▓_▓
▓)▓.▓.▓.▓_▓


You could see an orc knight, 2 orc warriors, 2 friendly orc knights, 4 friendly
orc warriors and a friendly orc wizard (invisible).

Vanquished Creatures
  A two-headed ogre (D)
  An oklob plant (D)
  3 spiny frogs (D)
  2 komodo dragons (D)
  A rime drake (D)
  A hippogriff (D)
  A slime creature (D)
  2 basilisks (D)
  A wyvern (D)
  A warg (D)
  2 hell hounds (D)
  3 porcupines (D)
  An ice beast (D)
  3 orc warriors (D)
  2 sky beasts (D)
  A centaur (D)
  5 wolves (D)
  An ogre (D)
  2 crocodiles (D)
  A big kobold (D)
  4 bullfrogs (D)
  A howler monkey (D)
  2 orc priests (D)
  An orc wizard (D)
  2 bats (D)
  A bat skeleton (D)
  A goblin (D)
  A jackal (D)
  A jackal zombie (D)
  A kobold (D)
50 creatures vanquished.

Vanquished Creatures (collateral kills)
  2 orc warriors (D)
  An orc wizard (D)
  An orc (D)
4 creatures vanquished.

Vanquished Creatures (others)
  An orc knight (D)
  3 orc warriors (D)
  2 orc wizards (D)
  An orc (D)
7 creatures vanquished.

Grand Total: 61 creatures vanquished

Notes
Turn   | Place    | Note
-------+----------+-------------------------------------------
     0 | D        | potatolord6000 the Hill Orc Fighter began the quest for the Orb.
     0 | D        | Reached XP level 1. HP: 19/19 MP: 1/1
     6 | D        | Reached skill level 3 in Axes
    60 | D        | Noticed a sky beast
    60 | D        | Noticed an ogre
    60 | D        | Noticed a centaur
    66 | D        | Killed a centaur
    66 | D        | Reached skill level 6 in Axes
    66 | D        | Reached skill level 5 in Armour
    66 | D        | Reached skill level 5 in Shields
    66 | D        | Reached XP level 2. HP: 20/30 MP: 2/2
    66 | D        | Reached XP level 3. HP: 24/37 MP: 3/3
    66 | D        | Reached XP level 4. HP: 29/44 MP: 4/4
    69 | D        | Killed an ogre
    69 | D        | Reached skill level 7 in Axes
    69 | D        | Reached XP level 5. HP: 13/52 MP: 5/5
    84 | D        | Killed a sky beast
    84 | D        | Reached skill level 8 in Axes
    84 | D        | Reached XP level 6. HP: 27/61 MP: 6/6
    91 | D        | Found a roughly hewn altar of Beogh.
    91 | D        | Found a snail-covered altar of Cheibriados.
    91 | D        | Found a shadowy altar of Dithmenos.
    91 | D        | Found a white marble altar of Elyvilon.
    91 | D        | Found a blossoming altar of Fedhas.
    91 | D        | Found an opulent altar of Gozag.
    92 | D        | Found a hazy altar of Hepliaklqana.
    93 | D        | Found a viscous altar of Jiyva.
    94 | D        | Became a worshipper of Beogh the Brigand
    95 | D        | Found an ancient bone altar of Kikubaaqudgha.
    96 | D        | Found a corrupted altar of Lugonu.
    97 | D        | Found a burning altar of Makhleb.
    98 | D        | Found a sparkling altar of Nemelex Xobeh.
    99 | D        | Found an iron altar of Okawaru.
   100 | D        | Found a stormy altar of Qazlal.
   101 | D        | Found a sacrificial altar of Ru.
   102 | D        | Found a deep blue altar of Sif Muna.
   103 | D        | Found a bloodstained altar of Trog.
   104 | D        | Found a hide-covered altar of Uskayaw.
   105 | D        | Found a radiant altar of Vehumet.
   106 | D        | Found an ornate altar of the Wu Jian Council.
   107 | D        | Found a shimmering altar of Xom.
   108 | D        | Found a basalt altar of Yredelemnul.
   109 | D        | Found a glowing silver altar of Zin.
   110 | D        | Found a glowing golden altar of the Shining One.
   262 | D        | Noticed an orc warrior
   262 | D        | Noticed a sky beast
   265 | D        | Reached skill level 1 in Invocations
   268 | D        | Reached * piety under Beogh
   268 | D        | Reached skill level 9 in Axes
   274 | D        | Killed a sky beast
   280 | D        | Reached ** piety under Beogh
   280 | D        | Reached XP level 7. HP: 70/70 MP: 7/10
   293 | D        | Reached skill level 10 in Axes
   498 | D        | Noticed a hippogriff
   498 | D        | Noticed a slime creature
   498 | D        | Noticed a two-headed ogre
   503 | D        | Killed a two-headed ogre
   503 | D        | Reached skill level 10 in Fighting
   503 | D        | Reached skill level 11 in Axes
   503 | D        | Reached skill level 10 in Shields
   503 | D        | Reached XP level 8. HP: 68/81 MP: 1/13
   509 | D        | Reached skill level 10 in Armour
   517 | D        | Killed a slime creature
   529 | D        | Reached *** piety under Beogh
   529 | D        | Reached skill level 12 in Axes
   534 | D        | Killed a hippogriff
   534 | D        | Reached XP level 9. HP: 64/89 MP: 5/15
   912 | D        | Noticed a komodo dragon
   912 | D        | Noticed a spiny frog
   913 | D        | Noticed an oklob plant
   931 | D        | Killed a spiny frog
   937 | D        | Reached **** piety under Beogh
   944 | D        | Killed a komodo dragon
   944 | D        | Reached skill level 13 in Axes
   944 | D        | Reached skill level 10 in Invocations
   969 | D        | Killed an oklob plant
   969 | D        | Reached ***** piety under Beogh
   980 | D        | Reached XP level 10. HP: 53/100 MP: 18/18
  1159 | D        | Noticed a spiny frog
  1159 | D        | Noticed a spiny frog
  1175 | D        | Killed a spiny frog
  1181 | D        | Killed a spiny frog
  1181 | D        | Reached skill level 14 in Axes
  1194 | D        | Reached ****** piety under Beogh
  1628 | D        | Noticed an orc knight
  1815 | D        | Noticed an orc knight
  1829 | D        | Noticed an orc knight
  1830 | D        | Noticed an orc knight
  1847 | D        | Mangled by an orc knight

Vault maps used:
D:        linesprint

Skill      XL: |  1  2  3  4  5  6  7  8  9 10 |
---------------+-------------------------------+-----
Axes           | 6 7 8 9 11 12 13 14 | 14.8
Fighting       | 6 7 8 9 10 11 12 13 | 13.9
Armour         | 5 6 7 8 9 10 11 12 | 12.9
Shields        | 5 6 7 8 10 11 12 | 12.9
Invocations    | 4 7 9 11 12 | 12.6

Action                   |  1- 3 |  4- 6 |  7- 9 | 10-12 || total
-------------------------+-------+-------+-------+-------++-------
Melee: War axe           |    21 |    30 |    86 |    97 ||   234
Invok: Smiting           |       |       |     4 |       ||     4
       Resurrection      |       |       |       |     1 ||     1
  Use: Potion            |     2 |     4 |    10 |       ||    16
       Scroll            |       |       |     8 |       ||     8
 Stab: Invisible         |       |     2 |     2 |       ||     4
       Distracted        |       |       |       |     1 ||     1
  Eat: Meat ration       |       |       |       |     1 ||     1
       Bread ration      |       |       |       |     1 ||     1
Armor: Scale mail        |    14 |     6 |       |       ||    20
       Chain mail        |       |     3 |    22 |    19 ||    44
Dodge: Dodged            |     8 |     1 |    13 |    10 ||    32
Block: Shield            |    15 |     9 |    46 |    43 ||   113

Table legend:
 A = Spawn XP
 B = Non-spawn XP
 C = Spawn XP percentage of total XP
 D = Spawn monster count
 E = Non-spawn monster count
 F = Spawn count percentage of total count
 G = Total turns spent on level
                    A         B        C        D         E        F      G
               +---------+---------+-------+---------+---------+-------+---------
         Total |       0 |    8313 |   0.0 |       0 |      54 |   0.0 |  1847
               +---------+---------+-------+---------+---------+-------+---------
             D |       0 |    8313 |   0.0 |       0 |      54 |   0.0 |  1847
               +---------+---------+-------+---------+---------+-------+---------
